 Dungeon Crawl Stone Soup version 0.31-a0-859-g9dce7d3444 (webtiles) character file.

Game seed: 1200492030741785737

26 Shayle the Vexing (level 2, 0/21 HPs)
             Began as a Demonspawn Enchanter on Oct 9, 2023.
             Succumbed to an adder's poison
             ... on level 2 of the Dungeon.
             The game lasted 00:01:18 (979 turns).

Shayle the Vexing (Demonspawn Enchanter)             Turns: 979, Time: 00:01:18

Health: 0/21       AC:  1    Str:  5 (8)  XL:     2   Next: 89%
Magic:  5/5        EV: 12    Int: 14 (16) God:
Gold:   8          SH:  0    Dex: 12 (13) Spells: 5/5 levels left

rFire   . . .        a - +1 dagger
rCold   . . .        (no shield)
rNeg    . . .        b - +0 robe
rPois   .            (no helmet)
rElec   .            (no cloak)
rCorr   .            (no gloves)
SInv    .            (no boots)
Will    .....        (no amulet)
Stlth   ++           (no ring)
HPRegen 0.23/turn    (no ring)
MPRegen 0.09/turn

%: no passive effects
@: lethally poisoned (0 -> -1)
A: demonic touch 1, deformed body, sense surroundings 1
a: no special abilities


You were on level 2 of the Dungeon.
You visited 1 branch of the dungeon, and saw 2 of its levels.

You collected 8 gold pieces.

Inventory:

Hand Weapons
 a - a +1 dagger (weapon)
Armour
 b - a +0 robe (worn)
Scrolls
 d - a scroll of identify {unknown}
 f - a scroll of fear {unknown}
 g - a scroll of teleportation {unknown}
 i - a scroll of fog {unknown}
Potions
 c - 2 potions of invisibility


   Skills:
 + Level 1.4 Fighting
 - Level 0.8 Short Blades
 + Level 2.2 Dodging
 - Level 2.6 Stealth
 + Level 2.4 Spellcasting
 - Level 3.0 Hexes


You had 5 spell levels left.
You didn't know any spells.
Your spell library contained the following spells:

 Spells                   Type           Power      Damage    Failure   Level
 Ensorcelled Hibernation  Hex/Ice        10%        N/A       19%         2
 Confusing Touch          Hex            10%        N/A       21%         3
 Tukima's Dance           Hex            10%        N/A       21%         3
 Dazzling Flash           Conj/Hex       10%        N/A       36%         3


Dungeon Overview and Level Annotations

Branches:
Dungeon (2/15)

Altars:


Innate Abilities, Weirdness & Mutations

Your touch may inflict minor irresistible damage on your foes.
Armour fits poorly on your strangely shaped body.
You passively map a small area around you.


Message History

The adder is heavily wounded.
You feel sick. The bat misses you. The bat hits you but does no damage.
The adder bites you.
You closely miss the adder. Your touch misses the adder.
The adder is heavily wounded.
You feel sick.
You are no longer poisoned.
The bat hits you. The adder barely misses you.
You barely miss the adder.
The adder is heavily wounded.
The bat barely misses you. The adder closely misses you.
You closely miss the adder. Your touch misses the adder.
The adder is heavily wounded.
The adder bites you.
You are poisoned.
The adder poisons you! The bat hits you but does no damage.
The adder bites you.
You barely miss the adder. Your touch misses the adder.
The adder is heavily wounded.
You feel sick. The bat closely misses you. The adder bites you.
You barely miss the adder.
The adder is heavily wounded.
You feel sick. The adder bites you.
* * * LOW HITPOINT WARNING * * *
You closely miss the adder.
The adder is heavily wounded.
* * * LOW HITPOINT WARNING * * *
You feel sick. The bat barely misses you. The adder misses you.
Unknown command.
It was a potion of mutation.
You feel extremely strange.
Your body twists and deforms.
You feel a strange attunement to the structure of the dungeons.
* * * LOW HITPOINT WARNING * * *
You feel sick. The bat hits you.
* * * LOW HITPOINT WARNING * * *
The adder barely misses you. The adder misses you.
It was a potion of degeneration.
There was something very wrong with that liquid.
You feel weakened.
You feel dopey.
You feel clumsy.
You die...

........<..# .. ,
.........### ...
, #....>....#
#... ,,, *
##........###..##
*
###.#...........
, ...#...........
#..##....b......
,
#.##...#.#..#...
#. #.#..@#..# ..
, , .,...##.S..##
...........>#*
...####..<#..# *
#.#.. ... ,
#..##. .. , ##.
#.,.,, * , # #. *
,


You could see an adder and a bat.

Vanquished Creatures
  A dart slug (D:1)
  A ball python (D:1)
  3 endoplasms (D:1)
  4 giant cockroaches (D:1)
  4 jackals (D:1)
  2 kobolds (D:1)
  3 bats (D:1)
  A goblin (D:1)
  2 rats (D:1)
21 creatures vanquished.

Notes
Turn   | Place    | Note
-------+----------+-------------------------------------------
     0 | D:1      | Shayle the Demonspawn Enchanter began the quest for the
                  | Orb.
     0 | D:1      | Reached XP level 1. HP: 13/13 MP: 3/3
   325 | D:1      | Gained mutation: Your touch may inflict minor irresistible
                  | damage on your foes. [demonic ancestry]
   325 | D:1      | Reached XP level 2. HP: 15/20 MP: 5/5
   409 | D:1      | Reached skill level 1 in Fighting
   444 | D:1      | Found a faded altar of an unknown god.
   978 | D:2      | Gained mutation: Armour fits poorly on your strangely
                  | shaped body. [potion of mutation]
   978 | D:2      | Gained mutation: You passively map a small area around you.
                  | [potion of mutation]
   978 | D:2      | HP: 1/21 [bat (1)]
   979 | D:2      | Succumbed to an adder's poison

Illustrated notes

Levels and vault maps discovered:
D:1:      minmay_arrival_wavy_path, layout_basic,
          hellmonk_ecumenical_altar_defaced_shrine, minmay_misc_feat_rugged
D:2:      layout_rooms

Skill      XL: |  1  2 |
---------------+-------+-----
Dodging        | 2 |  2.2
Fighting       | 1 |  1.4
Short Blades   | |  0.8
Stealth        | |  2.6
Spellcasting   | |  2.4
Hexes          | |  3.0

Action                     || total
---------------------------++-------
  Melee: Dagger            ||    74
         Touch             ||     8
    Use: Potion            ||     2
   Stab: Sleeping          ||     2
 Armour: Robe              ||    46
  Dodge: Dodged            ||    44

Table legend: (Time is in decaauts)
 A = Elapsed time spent in this place.
 B = Non-inter-level travel time spent in this place.
 C = Inter-level travel time spent in this place.
 D = Time resting spent in this place.
 E = Time spent auto-exploring this place.
 F = Levels seen in this place.
 G = Mean time per level.
                   A        B        C        D        E       F      G
               +--------+--------+--------+--------+--------+-----+--------+
         Total |    975 |    955 |     20 |     45 |    739 |   2 |  487.5 |
       Dungeon |    975 |    955 |     20 |     45 |    739 |   2 |  487.5 |
               +--------+--------+--------+--------+--------+-----+--------+

Top non-repeatable levels by time:
     D:1: 955 daAuts
     D:2: 20 daAuts
